AoeStats
← Ux'RaúlME

Arabia

506904509Analyzed
1v1 RM · 17d ago on Sep 15, 2026· 43m 48s· 2 players
Game mode
Random Map
Map size
Tiny (2 player)
Population
200
Speed
Normal
Resources
Standard
Victory
Conquest
Starting age
Dark Age
Ending age
Imperial Age
RankedLock teamsTeams togetherTeam positionsShared explorationLock speedFull tech treeHidden civsTurbo modeCheats
Victory
Defeat
🇮🇹 Byzantines · Italy
1400
+18
🇲🇽 Hindustanis · Mexico
1451
-18
My_Name_Is_Mimmox
7:14 Loom
9:42 Feudal Age
10:24 Double-Bit Axe
11:09 Horse Collar
20:39 Castle Age
20:12 Gold Mining
20:41 Fletching
20:56 Elite Skirmisher
22:00 Bow Saw
22:24 Bodkin Arrow
21:58 Pikeman
32:21 Imperial Age
30:57 Wheelbarrow
33:10 Gold Shaft Mining
35:41 Chemistry
35:15 Conscription
35:21 Padded Archer Armor
37:59 Two-Man Saw
38:00 Squires
38:33 Halberdier
39:13 Squires
39:15 Scale Mail Armor
39:02 Gambesons
43:16 Elite Cataphract
44:03 Scale Barding Armor
44:13 Leather Archer Armor
Ux'RaúlME
6:57 Loom
9:07 Feudal Age
10:02 Double-Bit Axe
12:18 Wheelbarrow
11:29 Town Watch
12:14 Scale Barding Armor
16:45 Town Watch
16:59 Fletching
18:52 Padded Archer Armor
21:41 Castle Age
20:30 Gold Mining
20:31 Stone Mining
24:27 Bodkin Arrow
24:47 Leather Archer Armor
24:27 Bodkin Arrow
24:47 Leather Archer Armor
25:44 Horse Collar
28:08 Hand Cart
31:52 Scale Mail Armor
32:02 Forging
36:40 Imperial Age
34:41 Chain Mail Armor
35:06 Arson
35:23 Squires
35:11 Arson
36:50 Chain Barding Armor
37:41 Iron Casting
38:33 Plate Barding Armor
37:58 Bracer
38:32 Husbandry
38:42 Bloodlines
38:11 Heavy Camel Rider
38:42 Elite Skirmisher
41:09 Ballistics
41:50 Chemistry
42:07 Conscription
42:30 Leather Archer Armor
Connection lost

Rejoining the realm…

Still unreachable

The connection could not be restored.

Session expired

The server has moved on; the page needs a fresh start.